[Event "13th Poti Nana Aleksandria Cup"]
[Site "Poti"]
[Date "2018.07.17"]
[Round "6"]
[White "Shanya Mishra"]
[Black "Samadov, Read"]
[Result "1-0"]
[ECO "D47"]
[WhiteElo "1980"]
[BlackElo "2037"]
[Annotator "NA RC"]
[PlyCount "95"]
[EventDate "2018.07.13"]
[EventType "swiss"]
[EventCountry "GEO"]
[SourceTitle "playchess.com"]
[Source "ChessBase"]
[SourceQuality "1"]
[TimeControl "40/5400+30:1800+30"]

1. d4 d5 2. c4 c6 3. Nf3 Nf6 4. e3 e6 5. Nc3 Nbd7 6. Bd3 dxc4 7. Bxc4 b5 8. Bd3 Bd6 9. O-O {[%emt 0:01:15] D47: Semi-Slav: Meran System} Bb7 10. a3 a5 11. Qe2 $146 ({Predecessor:} 11. e4 e5 12. dxe5 Nxe5 13. Nxe5 Bxe5 14. Be3 O-O 15. h3 Re8 16. Qc2 Qe7 17. Ne2 Rad8 {½-½ (47) Fressinet,L (2656)-Galkin,A (2606) Plovdiv 2008}) 11... b4 12. Nb1 c5 13. Nbd2 $1 cxd4 14. Nc4 Bb8 15. exd4 O-O 16. Bg5 Qc7 17. Nce5 Nxe5 18. Nxe5 Nd5 19. Rfc1 Qd6 20. Qh5 f5 21. Bc4 Ba7 22. Rd1 Nf6 (22... bxa3 $1 $11 23. bxa3 (23. Rxa3 Bxd4 24. Rh3 Qxe5 $11) 23... Bxd4 24. Rxd4 Qxe5) 23. Qh4 bxa3 24. Rxa3 Rad8 25. Rxa5 Bb6 26. Raa1 Be4 27. Bf4 Qe7 28. Be3 Rd6 29. Ba2 Ba7 (29... Bd8 $14) 30. f3 Ba8 31. Nd3 ({Besser ist} 31. Qg5 $16) 31... Qd7 32. Nf4 Nd5 33. Bxd5 Bxd5 34. Nd3 Bb8 35. Bf4 Rb6 36. Nc5 Qf7 37. Bxb8 Rfxb8 38. Nd3 Bb3 39. Rdc1 Rd6 40. Ne5 Qb7 41. Rc5 $18 Rd5 42. Rac1 Rxc5 43. dxc5 Qd5 44. Qf4 Rb5 45. c6 Qd8 46. c7 Qc8 47. Nc6 Kf7 48. Na7 1-0

[Event "13th Poti Nana Aleksandria Cup"]
[Site "Poti"]
[Date "2018.07.17"]
[Round "6"]
[White "Nikulina, Alena"]
[Black "Tihonov, Gennady"]
[Result "0-1"]
[ECO "C47"]
[WhiteElo "1959"]
[BlackElo "1845"]
[Annotator "NA RC"]
[PlyCount "116"]
[EventDate "2018.07.13"]
[EventType "swiss"]
[EventCountry "GEO"]
[SourceTitle "playchess.com"]
[Source "ChessBase"]
[SourceQuality "1"]
[TimeControl "40/5400+30:1800+30"]

1. e4 e5 2. Nf3 Nf6 3. Nc3 Nc6 4. d4 exd4 5. Nxd4 Bb4 6. Nxc6 bxc6 7. Bd3 d5 8. exd5 cxd5 9. O-O O-O 10. Bg5 c6 11. Qf3 h6 12. Bh4 {[%emt 0:00:52] C47: Scotch Four Knights and Four Knights with 4 g3} (12. Bxf6 Qxf6 13. Qxf6 gxf6 14. Ne2 Bd6 15. Nd4 c5 16. Nf5 Bxf5 17. Bxf5 Be5 18. Rad1 Bxb2 19. Rxd5 Bd4 20. c3 Bxc3 21. Rxc5 Bd4 22. Rc4 Rfd8 23. Rfc1 Bb6 24. Rc8 Raxc8 25. Rxc8 Rxc8 26. Bxc8 {½-½ (26) Ganguly,S (2650)-Harikrishna,P (2744) Riadh 2017}) 12... g5 13. Bg3 Bg4 14. Bc7 Bxf3 15. Bxd8 Raxd8 16. gxf3 Nh5 $146 ({Predecessor:} 16... c5 17. Ne2 c4 18. Bf5 Rfe8 19. Nd4 Bc5 {0-1 (42) Rodin,M (2366)-Sepp,O (2452) Moscow 2004}) 17. Ne2 c5 18. c3 Ba5 19. Rab1 Rb8 20. Rfd1 Rfe8 21. Kf1 Bc7 22. Bc2 Red8 23. Ng3 Ng7 24. Bb3 c4 25. Ba4 Rb6 26. Rd2 Bf4 27. Rdd1 h5 28. h3 h4 29. Ne2 Be5 30. b3 Ne6 31. bxc4 Rxb1 32. Rxb1 dxc4 33. Bb5 Rb8 34. Rb4 Bd6 35. Bxc4 Bxb4 36. cxb4 Rxb4 37. Bb3 Nf4 38. Nxf4 Rxf4 39. Ke2 a5 40. Ke3 a4 41. Bd5 Kf8 42. Kd3 Ke7 43. Ke3 Kd6 44. Be4 Kc5 45. Kd2 Kb4 46. Kc2 Ka3 47. Bd5 Rf5 48. Be4 Rc5+ 49. Kb1 Rb5+ $19 50. Ka1 Rb2 51. Bd5 Rxf2 52. Kb1 Rh2 53. Bxf7 Rxh3 54. Bd5 Rg3 55. Be4 h3 56. f4 gxf4 57. Ka1 Rg1+ 58. Bb1 Rxb1+ 0-1

[Event "13th Poti Nana Aleksandria Cup"]
[Site "Poti"]
[Date "2018.07.17"]
[Round "6"]
[White "Bibilashvili, Lali"]
[Black "Martynyuk, Elizaveta"]
[Result "0-1"]
[ECO "B23"]
[WhiteElo "1816"]
[BlackElo "2182"]
[Annotator "NA"]
[PlyCount "96"]
[EventDate "2018.07.13"]
[EventType "swiss"]
[EventCountry "GEO"]
[SourceTitle "playchess.com"]
[Source "ChessBase"]
[SourceQuality "1"]
[TimeControl "40/5400+30:1800+30"]

1. e4 c5 2. Nc3 Nc6 3. f4 d6 4. Nf3 g6 5. Bc4 Bg7 6. O-O e6 7. d3 Nge7 8. f5 O-O 9. Qe1 d5 10. Bb3 c4 {[%emt 0:02:13] B23: Closed Sicilian: Lines without g3} 11. f6 {[%emt 0:11:39] LiveBook: 4 Games} Bxf6 12. dxc4 dxc4 (12... d4 13. e5 Nxe5 14. Nxe5 Bxe5 15. Qxe5 Nc6 16. Qg3 dxc3 17. bxc3 e5 18. Bh6 {0-1 (40) Najer,E (2658)-Riazantsev,A (2646) Moscow 2015}) 13. Bxc4 Ne5 14. Nxe5 $146 ({Predecessor:} 14. Bb3 N7c6 15. Bh6 Re8 16. Rd1 Qe7 17. Qg3 Bd7 18. Ng5 {1-0 (46) Skytte,R (2424)-Cukrowski,F (2196) Wroclaw 2014}) 14... Bxe5 15. Be3 Qc7 16. Qh4 Qxc4 17. Qxe7 b6 18. Bh6 Bg7 19. Bxg7 Kxg7 20. Qf6+ Kg8 21. Rad1 Ba6 22. Rf2 (22. h4 $5 ) 22... Qc7 $1 23. Rfd2 Rac8 24. Rd7 Qc5+ 25. Kh1 Qb4 26. Rxa7 Qxb2 27. Nd5 Qxf6 28. Nxf6+ Kg7 29. e5 Be2 30. Rd2 Bb5 31. Ne4 Ra8 32. Rxa8 (32. Rc7 $11) 32... Rxa8 33. Nd6 Rxa2 34. h3 Ba4 35. Rf2 Rxc2 36. Rxf7+ Kh6 37. Ne4 Bc6 38. Nf6 Rxg2 39. h4 Rg4+ 40. Kh2 Rxh4+ 41. Kg3 Rc4 42. Nxh7 Rc3+ 43. Kg4 Be4 44. Kf4 Bf5 45. Rb7 g5+ 46. Nxg5 Rc4+ 47. Kf3 Kxg5 $19 48. Rxb6 Rc3+ 0-1

[Event "13th Poti Nana Aleksandria Cup"]
[Site "Poti"]
[Date "2018.07.18"]
[Round "7"]
[White "Golubov, Saveliy"]
[Black "Eynullayev, Altay"]
[Result "1/2-1/2"]
[ECO "A46"]
[WhiteElo "2488"]
[BlackElo "2134"]
[Annotator "RC"]
[PlyCount "66"]
[EventDate "2018.07.13"]
[EventType "swiss"]
[EventCountry "GEO"]
[SourceTitle "playchess.com"]
[Source "ChessBase"]
[SourceQuality "1"]
[TimeControl "40/5400+30:1800+30"]

1. d4 Nf6 2. Nf3 e6 3. Bf4 c5 4. e3 Nc6 5. Nbd2 d5 6. c3 cxd4 7. exd4 Nh5 8. Be3 Bd6 9. Ne5 g6 10. g4 Ng7 11. f4 f6 12. Nd3 O-O 13. Bg2 e5 14. Bxd5+ Kh8 15. O-O exd4 16. cxd4 Re8 17. Re1 Bc7 18. Bg2 Bb6 19. Nb3 Nxd4 20. Bxd4 Bxd4+ 21. Kh1 Rxe1+ 22. Nxe1 Bb6 23. Qxd8+ Bxd8 24. h3 Bc7 25. Nd3 Rb8 26. Re1 Bd6 27. Nbc5 Kg8 28. Ne4 Be7 29. Ng5 fxg5 30. Rxe7 Kf8 31. Rc7 Ne6 32. Rxh7 Kg8 33. Re7 Kf8 1/2-1/2

[Event "13th Poti Nana Aleksandria Cup"]
[Site "Poti"]
[Date "2018.07.18"]
[Round "7"]
[White "Sindarov, Javokhir"]
[Black "Sattarov, Bobir"]
[Result "1-0"]
[ECO "C02"]
[WhiteElo "2474"]
[BlackElo "2328"]
[Annotator "ChessBase"]
[PlyCount "109"]
[EventDate "2018.07.13"]
[EventType "swiss"]
[EventCountry "GEO"]
[SourceTitle "playchess.com"]
[Source "ChessBase"]
[SourceQuality "1"]
[TimeControl "40/5400+30:1800+30"]

1. e4 e6 2. d4 d5 3. e5 c5 4. c3 Qb6 5. Nf3 Bd7 6. Be2 Nc6 7. a3 c4 8. O-O Na5 9. Nbd2 Nh6 10. h3 Be7 11. Qe1 Ba4 12. Bd1 Qc6 13. g4 Bxd1 14. Qxd1 f5 15. exf6 gxf6 16. Nxc4 Nxc4 17. Bxh6 Nxb2 18. Qc2 Nc4 19. Rfe1 O-O-O 20. Re2 Rde8 21. Rae1 Bd8 22. a4 Rhg8 23. Kh1 Bc7 24. Qxh7 e5 25. Kg2 Kb8 26. Qf5 e4 27. Nd2 Nb2 28. Nf1 Nd3 29. Rb1 Rg5 30. Bxg5 fxg5 31. Re3 Qxc3 32. Rd1 Rh8 33. Rdxd3 exd3 34. Rxd3 Qc6 35. Qxg5 Qxa4 36. Qxd5 Rd8 37. Qe4 a5 38. Ne3 Qa2 39. d5 a4 40. Nf5 Bb6 41. Qf4+ Ka7 42. d6 Rd7 43. Ne7 Bc5 44. Qf5 Qc2 45. Rd4 Qxf5 46. Rxa4+ Kb8 47. Nxf5 b5 48. Ra5 Rb7 49. g5 Bb4 50. Ra6 Bc3 51. g6 b4 52. Rc6 Ka7 53. h4 b3 54. Rxc3 b2 55. d7 1-0

[Event "13th Poti Nana Aleksandria Cup"]
[Site "Poti"]
[Date "2018.07.18"]
[Round "7"]
[White "Harutjunyan, Gevorg"]
[Black "Der Manuelian, Haik"]
[Result "1-0"]
[ECO "C26"]
[WhiteElo "2418"]
[BlackElo "2242"]
[Annotator "RC"]
[PlyCount "63"]
[EventDate "2018.07.13"]
[EventType "swiss"]
[EventCountry "GEO"]
[SourceTitle "playchess.com"]
[Source "ChessBase"]
[SourceQuality "1"]
[TimeControl "40/5400+30:1800+30"]

1. e4 e5 2. Nc3 Nf6 3. Bc4 c6 4. Nf3 d5 5. Bb3 Bb4 6. Nxe5 Qe7 7. d4 Nxe4 8. O-O Nxc3 9. bxc3 Bxc3 10. Rb1 O-O 11. Qd3 Ba5 12. c4 g6 13. cxd5 Bf5 14. Qf3 Bxb1 15. d6 Qe8 16. Bh6 Bf5 17. Bxf8 Kxf8 18. Bxf7 Qd8 19. Bxg6 hxg6 20. Nxg6+ Kg7 21. Qxf5 Qd7 22. Qg5 Bd2 23. Qg3 Qf5 24. Ne7+ Qg5 25. Qb3 b6 26. h4 Qh5 27. Qg8+ Kf6 28. g4 Qf7 29. Qc8 Bb4 30. g5+ Kg7 31. h5 Bd2 32. Nf5+ 1-0

[Event "13th Poti Nana Aleksandria Cup"]
[Site "Poti"]
[Date "2018.07.18"]
[Round "7"]
[White "Arabidze, Meri"]
[Black "Chkhaidze, Nikoloz"]
[Result "1-0"]
[ECO "A45"]
[WhiteElo "2397"]
[BlackElo "2337"]
[Annotator "NA"]
[PlyCount "139"]
[EventDate "2018.07.13"]
[EventType "swiss"]
[EventCountry "GEO"]
[SourceTitle "playchess.com"]
[Source "ChessBase"]
[SourceQuality "1"]
[TimeControl "40/5400+30:1800+30"]

1. d4 Nf6 2. Bg5 d5 3. e3 c5 4. Bxf6 gxf6 5. dxc5 Nc6 {[%emt 0:04:46] D00: 1 d4 d5: Unusual lines} 6. Nc3 (6. Nf3 e5 7. Nc3 Be6 8. Na4 Qa5+ 9. c3 b5 10. cxb6 axb6 11. b4 Nxb4 12. Nd2 Nc6 13. Qb3 Qxa4 14. Qxa4 Rxa4 {0-1 (32) Moiseenko,A (2667)-Karjakin,S (2760) Riadh 2017}) 6... e6 7. Nf3 Bxc5 8. Be2 Bd7 9. O-O f5 10. a3 $146 ({Predecessor:} 10. Nb5 a6 11. Nbd4 Qf6 12. c3 O-O 13. Ne1 {½-½ (21) Aaberg,A (2365)-Bergstrom,P (2272) Sweden 2017}) 10... Qf6 11. Nb5 O-O 12. b4 Bb6 13. c4 Ne7 14. Nd6 Rab8 15. a4 ({Better is} 15. c5 $11 Bc7 16. Qc2) 15... a6 16. c5 Bc7 17. b5 axb5 18. Nxb5 Rfc8 19. Qd4 e5 20. Qb2 Ng6 21. Rfd1 Bc6 22. Nxc7 Rxc7 23. Qb6 Qe7 24. a5 Rd8 25. a6 bxa6 26. Rxa6 d4 27. exd4 Nf4 28. Re1 $1 Nxe2+ 29. Rxe2 Bxf3 30. gxf3 Rxd4 31. Re1 Rd8 32. Kh1 Kh8 33. Rg1 Rg8 34. Rxg8+ Kxg8 35. Ra1 Rc8 36. Qh6 Kh8 37. c6 f6 38. Rc1 Qg7 39. Qxg7+ Kxg7 40. c7 Kf7 41. Rc6 Ke7 42. Kg2 Kd7 43. Rxf6 Kxc7 44. Rxf5 Kd6 45. Rf7 Rh8 46. Rf6+ Ke7 47. Rh6 Rg8+ 48. Kf1 Rg7 49. Ra6 Rg8 50. Ra7+ Kf6 51. Rxh7 Ra8 52. Rh4 Kf5 53. Rg4 Rh8 54. Kg2 Rh7 55. h4 Rh8 56. Kg3 Rh7 57. Rg5+ Kf6 58. Kg4 Ra7 59. Rf5+ Ke6 60. f4 exf4 $2 (60... e4 61. Re5+ Kf6 62. Rxe4 Rg7+ 63. Kf3 Rh7) 61. Rxf4 $2 (61. h5 Ra1 62. Rxf4) 61... Rg7+ 62. Kh5 Rg1 63. Kh6 Ke7 64. h5 Rg2 65. Kh7 Rg1 66. h6 Rg2 67. Kh8 Rg1 68. h7 Rg5 69. f3 Rg3 70. Rg4 1-0

[Event "13th Poti Nana Aleksandria Cup"]
[Site "Poti"]
[Date "2018.07.18"]
[Round "7"]
[White "Aliyev, Ravan"]
[Black "Mgeladze, Tamaz"]
[Result "1/2-1/2"]
[ECO "E61"]
[WhiteElo "2324"]
[BlackElo "2374"]
[Annotator "ChessBase"]
[PlyCount "101"]
[EventDate "2018.07.13"]
[EventType "swiss"]
[EventCountry "GEO"]
[SourceTitle "playchess.com"]
[Source "ChessBase"]
[SourceQuality "1"]
[TimeControl "40/5400+30:1800+30"]

1. d4 Nf6 2. c4 g6 3. Nc3 Bg7 4. g3 O-O 5. Bg2 c5 6. Nf3 Nc6 7. O-O cxd4 8. Nxd4 Nxd4 9. Qxd4 d6 10. Qd2 Be6 11. Bxb7 Rb8 12. Bg2 Bxc4 13. b3 Be6 14. Bb2 Qa5 15. Ne4 Qxd2 16. Nxd2 Rfc8 17. Rfc1 Nd5 18. Bxg7 Kxg7 19. Bxd5 Bxd5 20. e4 Ba8 21. f3 f5 22. Kf2 fxe4 23. fxe4 Kf6 24. Ke3 Ke6 25. Nc4 Rc5 26. Kd4 Rbc8 27. Rc2 Kd7 28. Rac1 Rf8 29. Ne3 Re5 30. Rc7+ Ke6 31. Rxa7 Rxe4+ 32. Kd3 Rf3 33. Re1 Bc6 34. Ra6 Bd5 35. Ra5 Re5 36. Rxd5 Rxd5+ 37. Ke2 Rxe3+ 38. Kxe3 Re5+ 39. Kd2 Rxe1 40. Kxe1 Kd5 41. a4 Kc5 42. a5 d5 43. b4+ Kb5 44. Kd2 e5 45. Ke3 h6 46. Kd3 h5 47. h4 d4 48. Ke4 Ka6 49. Kd3 Kb5 50. Ke4 Ka6 51. Kd3 1/2-1/2

[Event "13th Poti Nana Aleksandria Cup"]
[Site "Poti"]
[Date "2018.07.18"]
[Round "7"]
[White "Ghvamberia, Nika"]
[Black "Eynullayev, Atilla"]
[Result "1-0"]
[ECO "A34"]
[WhiteElo "2236"]
[BlackElo "2120"]
[Annotator "NA"]
[PlyCount "123"]
[EventDate "2018.07.13"]
[EventType "swiss"]
[EventCountry "GEO"]
[SourceTitle "playchess.com"]
[Source "ChessBase"]
[SourceQuality "1"]
[TimeControl "40/5400+30:1800+30"]

1. c4 c5 2. Nc3 Nf6 3. g3 d5 4. cxd5 Nxd5 5. Bg2 Nc7 6. d3 e5 7. Nf3 Nc6 8. O-O Be7 9. Nd2 Bd7 10. Nc4 f6 11. f4 b5 12. Ne3 exf4 {[%emt 0:29:09] LiveBook: 123 Games} 13. Nf5 O-O (13... b4 $1 $11 {hält das Gleichgewicht.}) 14. Nxe7+ Qxe7 15. Bxf4 Ne6 16. Nd5 Qd8 17. Bd6 Re8 18. Rc1 Rc8 19. e3 Ne5 20. Bxe5 fxe5 21. Qh5 Bc6 22. Be4 Ng5 23. Rxc5 Nxe4 24. dxe4 Bd7 25. Rxc8 Bxc8 26. Qf7+ Kh8 27. Qc7 (27. Qxa7 $16 Bh3 28. Rc1) 27... Bh3 28. Qxd8 Rxd8 29. Rc1 h6 30. Kf2 Rf8+ 31. Ke2 Bg4+ 32. Kd3 a6 33. Nb4 (33. b4 $16) 33... Rd8+ 34. Nd5 Rf8 35. Nb4 Rd8+ 36. Kc3 Bf3 (36... Rc8+ $16 {was worth a try.} 37. Kd2 Rd8+ 38. Nd5 Rf8) 37. Nxa6 Rc8+ 38. Kd2 Rd8+ 39. Ke1 Bxe4 40. Nc5 Bf3 41. a3 e4 42. b3 g5 43. a4 bxa4 44. bxa4 Rb8 {[%emt 0:00:40] [#]} 45. Kd2 $1 Rb2+ 46. Rc2 Rb1 47. Ra2 Rd1+ 48. Kc3 Re1 49. Kd4 Rd1+ 50. Ke5 Re1 51. Ra3 Rc1 52. Ne6 Rd1 53. Nd4 Bg4 54. a5 Bc8 55. Rc3 Ba6 56. Rc6 Bd3 57. Rxh6+ Kg7 58. Nf5+ Kf7 59. Rh7+ Kg8 60. Rg7+ Kh8 61. Rxg5 $18 Ra1 62. Kf6 1-0

[Event "13th Poti Nana Aleksandria Cup"]
[Site "Poti"]
[Date "2018.07.18"]
[Round "7"]
[White "Martynyuk, Elizaveta"]
[Black "Janiashvili, Mariami"]
[Result "0-1"]
[ECO "B01"]
[WhiteElo "2182"]
[BlackElo "1988"]
[Annotator "NA"]
[PlyCount "84"]
[EventDate "2018.07.13"]
[EventType "swiss"]
[EventCountry "GEO"]
[SourceTitle "playchess.com"]
[Source "ChessBase"]
[SourceQuality "1"]
[TimeControl "40/5400+30:1800+30"]

1. e4 d5 2. exd5 Qxd5 3. Nc3 Qa5 4. d4 Nf6 5. Nf3 Bg4 6. h3 Bh5 7. g4 Bg6 8. Bg2 {[%emt 0:00:48] LiveBook: 5 Partien} c6 {[%emt 0:03:42] B01: Scandinavian Defence} 9. Bd2 (9. O-O e6 10. Ne5 Nbd7 11. Bf4 Nxe5 12. Bxe5 Nd7 13. Bg3 Bb4 14. Ne4 O-O 15. c3 Be7 16. Qe2 f5 17. gxf5 exf5 18. Nd6 Bxd6 {0-1 (37) Barros,R (2194)-Martinez Zuluaica,J (2276) Quibdo 2015}) 9... Nbd7 10. Nh4 Qb6 $146 ({Predecessor:} 10... e6 11. Nxg6 hxg6 12. Qe2 Qb6 13. d5 cxd5 14. g5 Ne4 15. Nxe4 dxe4 16. O-O-O {½-½ (30) Ebert,W-Funk,V Darmstadt 1993}) 11. f4 e6 12. Qe2 O-O-O {[%emt 0:03:30] [#]} ({Falsch wäre} 12... Qxb2 $2 13. Rb1 $18) 13. O-O-O $1 Bd6 14. Be3 Qa5 15. Rhf1 Bb4 16. Bd2 Nb6 17. a3 Bxa3 18. Nd5 Qa4 19. Nxb6+ axb6 20. Nxg6 Bd6 21. Bc3 hxg6 22. Kd2 Nd5 23. Ra1 $2 (23. Bxd5 $17 cxd5 24. Rf3) 23... Bxf4+ 24. Rxf4 Qxa1 25. Rxf7 e5 26. Rxg7 Nxc3 27. Qxe5 Nb5 28. Qe6+ Kb8 29. Qe5+ Ka8 30. Qe7 Rxd4+ $19 31. Ke2 Qd1+ 32. Kf2 Qxc2+ 33. Kg1 Qc1+ 34. Kf2 Nd6 35. Qe5 Rf8+ 36. Kg3 Rd3+ 37. Kh2 Qf4+ 38. Qxf4 Rxf4 39. Rxg6 Rf2 40. g5 Rdd2 41. Kh1 Nf5 42. Rg8+ Ka7 0-1

[Event "13th Poti Nana Aleksandria Cup"]
[Site "Poti"]
[Date "2018.07.18"]
[Round "7"]
[White "Yeritsyan, Hayk"]
[Black "Poormosavi, Seyed Kian"]
[Result "1/2-1/2"]
[ECO "A05"]
[WhiteElo "2178"]
[BlackElo "2221"]
[Annotator "NA"]
[PlyCount "98"]
[EventDate "2018.07.13"]
[EventType "swiss"]
[EventCountry "GEO"]
[SourceTitle "playchess.com"]
[Source "ChessBase"]
[SourceQuality "1"]
[TimeControl "40/5400+30:1800+30"]

1. Nf3 Nf6 2. b3 b6 3. Bb2 Bb7 4. c4 {[%emt 0:01:02] A05: Réti Opening: 1 Nf3 Nf6} (4. g3 e6 5. Bg2 Be7 6. O-O O-O 7. c4 c5 8. Re1 d5 9. cxd5 Nxd5 10. Nc3 Nxc3 11. Bxc3 Nc6 12. d4 Bf6 13. Rc1 Nxd4 14. Nxd4 Bxg2 15. Nxe6 fxe6 16. Kxg2 Qxd1 17. Rexd1 {½-½ (29) Karjakin,S (2782)-Vachier Lagrave,M (2789) Stavanger 2018}) 4... e6 5. e3 Be7 6. d4 O-O 7. Bd3 c5 8. dxc5 bxc5 9. Nc3 $146 ({Predecessor:} 9. O-O d6 10. Nc3 e5 11. Nd2 Nbd7 {½-½ (109) Grigoriev,A (2199)-Demircin,K (1983) Kocaeli 2014}) 9... d5 10. O-O Nbd7 11. Qc2 d4 12. Ne4 dxe3 13. fxe3 Nxe4 14. Bxe4 Bxe4 15. Qxe4 Bf6 16. Bxf6 Nxf6 17. Qe5 Qe7 18. Rad1 Rad8 19. h3 h6 20. Kh2 a5 21. Ng1 Rxd1 22. Rxd1 Rd8 23. Rxd8+ Qxd8 24. Nf3 Qb6 25. g4 a4 26. bxa4 Qb1 27. Nd2 Qxa2 28. Qb8+ Kh7 29. Qb1+ Qxb1 30. Nxb1 Nd7 31. Nd2 Nb8 32. Kg3 Kg6 33. Kf4 f6 34. e4 e5+ 35. Ke3 Kf7 36. Kd3 Ke6 37. Nf3 Nc6 38. Nh4 Na5 39. Nf5 Kf7 40. h4 Kf8 41. Kc3 Kf7 42. Ng3 Ke6 $11 43. h5 Ke7 44. Nf1 Kd6 45. Ne3 Ke6 46. Nc2 Kd6 47. Na1 Kc6 48. Nb3 Kd6 49. Na1 Nb7 1/2-1/2

[Event "13th Poti Nana Aleksandria Cup"]
[Site "Poti"]
[Date "2018.07.18"]
[Round "7"]
[White "Matevosyan, Sedrak"]
[Black "Matsenko, Andrei"]
[Result "1-0"]
[ECO "A55"]
[WhiteElo "2161"]
[BlackElo "2299"]
[Annotator "NA"]
[PlyCount "131"]
[EventDate "2018.07.13"]
[EventType "swiss"]
[EventCountry "GEO"]
[SourceTitle "playchess.com"]
[Source "ChessBase"]
[SourceQuality "1"]
[TimeControl "40/5400+30:1800+30"]

1. Nf3 Nf6 2. c4 d6 3. d4 Nbd7 4. Nc3 e5 5. e4 c6 6. g3 {[%emt 0:00:19] LiveBook: 162 Partien} g6 7. Bg2 Bg7 8. O-O O-O 9. Re1 Re8 10. h3 exd4 11. Nxd4 Nc5 12. Bf4 Nh5 13. Be3 {[%emt 0:01:16] E69: King's Indian: Fianchetto: 6...Nbd7 7 0-0 e5 8 e4 c6 9 h3} a5 14. Nf5 ({Better is} 14. b3 $14) (14. Qc2 a4 15. Rad1 Qa5 16. g4 Nf6 17. f4 Bxg4 18. hxg4 Nxg4 19. Bh3 Nxe3 20. Rxe3 Qb6 {1-0 (39) Van Wely,L (2667)-Todorov,T (2477) Brest 2018}) 14... gxf5 $146 ({Predecessor:} 14... Bxf5 15. exf5 a4 16. fxg6 hxg6 17. Qc2 a3 18. b3 Qa5 19. Rac1 Ne6 20. Qd2 Be5 {½-½ (59) Baumgartner,H (2352)-Littlewood,J (2301) Rowy 2000}) 15. Qxh5 Nd3 (15... Nxe4 $11 {keeps the balance.} 16. Nxe4 fxe4) 16. exf5 Nxe1 17. Rxe1 Re5 18. g4 Qe7 {[%emt 0:02:08] [#]} (18... Be6 $14) 19. Rf1 $2 {[%emt 0:09:28] [#]} (19. Be4 $1 $16) 19... f6 $2 (19... Be6 $1 $17 {[%cal Re6c4][%mdl 512] keeps the pressure on.} 20. c5 (20. fxe6 Rxh5) 20... Bc4 21. cxd6 Qxd6) 20. Bd4 Re1 {[%emt 0:00:28] [#]} (20... Be6 $16 {was called for.}) 21. Rxe1 $1 Qxe1+ 22. Kh2 Qe7 23. Ne4 d5 24. cxd5 cxd5 25. Nxf6+ Bxf6 26. Bxd5+ Be6 27. Bxe6+ Kh8 28. Be3 Qd6+ 29. Kg2 Qc6+ 30. Kg1 Qe4 $2 (30... Qf3 {might work better.} 31. Qh6 Bg7) 31. g5 Qb1+ 32. Kg2 Qe4+ 33. Kg1 Qb1+ 34. Kg2 Qe4+ 35. Qf3 Qxf3+ 36. Kxf3 Bxb2 37. a4 Kg7 38. Kg4 b5 39. axb5 a4 40. b6 a3 41. f4 Ra4 42. Kh5 Ra5 43. Kg4 Ra4 44. Kf3 Rb4 45. f6+ Bxf6 46. gxf6+ Kxf6 47. Bd5 Kf5 48. b7 a2 49. Bxa2 Rxb7 50. Bc4 Rd7 51. h4 Rd1 52. Be2 Rd7 53. Bf1 Rd1 54. Bh3+ Kf6 55. Bg4 Rf1+ 56. Ke4 Re1 57. h5 h6 58. Kd3 Rb1 59. Bd4+ Kf7 60. Bf5 Rf1 $18 61. Bg6+ Ke6 62. Ke4 Re1+ 63. Kf3 Rf1+ 64. Kg4 Rd1 65. f5+ Kd5 66. Bg7 1-0

[Event "13th Poti Nana Aleksandria Cup"]
[Site "Poti"]
[Date "2018.07.18"]
[Round "7"]
[White "Kokaia, Guram"]
[Black "Mnatsakanian, Arsen"]
[Result "0-1"]
[ECO "B07"]
[WhiteElo "2159"]
[BlackElo "2047"]
[Annotator "NA"]
[PlyCount "54"]
[EventDate "2018.07.13"]
[EventType "swiss"]
[EventCountry "GEO"]
[SourceTitle "playchess.com"]
[Source "ChessBase"]
[SourceQuality "1"]
[TimeControl "40/5400+30:1800+30"]

1. e4 d6 2. d4 Nf6 3. Nc3 g6 4. Be3 Bg7 5. Qd2 c6 6. O-O-O Qa5 7. Kb1 Nbd7 8. Bh6 Bxh6 9. Qxh6 b5 10. f3 b4 11. Nce2 Ba6 12. Nh3 c5 13. dxc5 Qxc5 14. Nd4 Bxf1 15. Rhxf1 Rc8 16. Ka1 a5 17. Ng5 {[%emt 0:32:43] [#]} (17. Rf2 $17) 17... a4 $16 (17... e6 $2) 18. f4 (18. Rd2 a3) (18. Qg7 Rf8 $19) 18... a3 19. Rf3 axb2+ 20. Kxb2 e5 21. fxe5 dxe5 22. Qg7 Rf8 23. Rxf6 exd4 24. Rdf1 Qxc2+ 25. Ka1 Ra8 26. Re6+ Kd8 27. Nxf7+ Kc7 0-1

[Event "13th Poti Nana Aleksandria Cup"]
[Site "Poti"]
[Date "2018.07.18"]
[Round "7"]
[White "Mesropian, Khachatur"]
[Black "Mammadov, Sadig"]
[Result "1-0"]
[ECO "E73"]
[WhiteElo "2128"]
[BlackElo "2312"]
[Annotator "NA"]
[PlyCount "157"]
[EventDate "2018.07.13"]
[EventType "swiss"]
[EventCountry "GEO"]
[SourceTitle "playchess.com"]
[Source "ChessBase"]
[SourceQuality "1"]
[TimeControl "40/5400+30:1800+30"]

1. d4 Nf6 2. c4 g6 3. Nc3 Bg7 4. e4 d6 5. Be2 O-O 6. Bg5 c5 7. d5 b5 8. cxb5 a6 9. a4 axb5 10. Bxb5 Qa5 11. Bd2 Ba6 12. Nge2 Bxb5 {[%emt 0:07:41] E74: King's Indian: Averbakh Variation: 6...c5} (12... Nbd7 13. O-O Ne5 14. Qc2 Qb4 15. Bxa6 Rxa6 16. b3 c4 17. Rab1 h5 18. h3 Raa8 19. Be3 Rfc8 20. Rfd1 {1-0 (65) Lalith,B (2587)-Fressinet,L (2672) Doha 2016}) 13. Nxb5 Qb6 14. Qc2 $146 ({Predecessor:} 14. Nec3 Na6 15. O-O Nd7 16. Qe2 Nb4 17. Bg5 Rfe8 18. Rad1 Ne5 19. b3 Rac8 20. Be3 {1-0 (37) Tratar,M (2494)-Stajner,S (2330) Slovenia 2013}) 14... Nfd7 15. Bc3 Nf6 16. O-O Na6 17. Ng3 Rfc8 18. b3 Rab8 19. Qd2 h5 20. Rfe1 Qb7 21. Rab1 Nc7 22. Na3 h4 23. Nf1 h3 24. gxh3 Kh7 25. Nc4 Rh8 26. Na5 Qa8 27. Nc6 Rbe8 28. Na5 $2 ({Günstiger ist} 28. Qg5 $18) 28... Kg8 29. Qd3 Qc8 (29... e6 $1 $11 {keeps the balance.}) 30. Re3 Rh4 31. Bxf6 Bxf6 32. Nc4 Kg7 (32... Bg5 $16 {was worth a try.}) 33. Rg3 Reh8 34. Kg2 Bd4 35. b4 Qa6 36. a5 Rb8 37. Rg4 Rhh8 38. Ng3 Bf6 39. f4 cxb4 40. e5 dxe5 41. fxe5 Bxe5 42. Nxe5 Qxd3 43. Nxd3 Rb5 $2 (43... Nxd5 $16 44. Rd4 Rb5) 44. Nxb4 Nxd5 45. Nf5+ Kf8 $2 (45... Kf6 {is a better chance.}) 46. Rd4 e6 47. Nd6 Ne3+ 48. Kf2 Rxa5 49. Kxe3 Rxh3+ 50. Kf2 Rxh2+ 51. Kg3 Rah5 52. Ne4 e5 53. Rd8+ Kg7 54. Nf2 R2h4 55. Nbd3 Ra4 56. Rb4 Rxb4 57. Nxb4 Rh8 58. Rd5 Re8 59. Ng4 e4 60. Kf4 Re6 61. Nc2 Re7 62. Nce3 Ra7 63. Rd6 Ra3 64. Nf6 Ra4 65. Neg4 e3+ 66. Kxe3 Ra3+ 67. Kf4 Ra4+ 68. Kg5 Ra5+ 69. Kh4 Ra8 70. Rd3 Rb8 71. Rd7 Ra8 72. Ne4 Ra1 73. Nd6 Rh1+ 74. Kg3 Rg1+ 75. Kh3 Rf1 76. Ne5 $18 (76. Kg2 Rf4 77. Nf2 g5 78. Nd3 Rg4+ 79. Kf3) 76... Rf2 77. Ndxf7 Kf6 78. Ng4+ Ke6 79. Rd6+ 1-0